 Dungeon Crawl Stone Soup version 0.24-a0-226-gca05e9d (webtiles) character file.

Game seed: 5105479012112611805

73 Azzok the Firebug (level 4, -4/27 HPs)
             Began as an Octopode Fire Elementalist on Mar 31, 2019.
             Slain by a gnoll
             ... wielding a +0 great sword
              (12 damage)
             ... on level 1 of the Dungeon.
             The game lasted 00:03:10 (1829 turns).

Azzok the Firebug (Octopode Fire Elementalist)      Turns: 1829, Time: 00:03:11

Health: -4/27      AC:  4    Str:  7    XL:     4   Next: 27%
Magic:  0/8        EV: 13    Int: 18    God:
Gold:   95         SH:  0    Dex: 12    Spells: 0/8 levels left

rFire    . . .     SeeInvis .   (no weapon)
rCold    . . .     Gourm    .   (no shield)
rNeg     . . .     Faith    .   (helmet restricted)
rPois    .         Spirit   .   (no amulet)
rElec    .         Reflect  .   g - +3 ring of protection
rCorr    .         Harm     .   (no ring)
MR       .....                  (no ring)
Stlth    +++.......             (no ring)
HPRegen  0.09/turn              (no ring)
MPRegen  0.11/turn              (no ring)
                                (no ring)
                                (no ring)

@: very slightly contaminated
A: almost no armour, stealthy swim, amphibious, 8 rings, constrict 8, camouflage
1, gelatinous body 1
a: no special abilities


You were on level 1 of the Dungeon.
You were not hungry.

You visited 1 branch of the dungeon, and saw 2 of its levels.

You collected 95 gold pieces.

Inventory:

Jewellery
 g - a +3 ring of protection (left tentacle)
Scrolls
 a - 3 scrolls of identify {unknown}
 c - a scroll of noise {unknown}
 d - a scroll of amnesia {unknown}
 e - 2 scrolls of enchant weapon {unknown}
 j - a scroll of magic mapping {unknown}
 k - a scroll of remove curse {unknown}
 l - a scroll of enchant armour {unknown}
Potions
 f - a potion of degeneration {unknown}
 h - a potion of cancellation {unknown}
Comestibles
 b - a ration
 i - a chunk of flesh


   Skills:
 - Level 2.0 Dodging
 - Level 2.6 Stealth
 + Level 2.8 Spellcasting
 + Level 2.3 Conjurations
 + Level 3.8 Fire Magic


You couldn't memorise any spells.
You knew the following spells:

 Your Spells              Type           Power        Failure   Level  Hunger
a - Flame Tongue          Conj/Fire      ##...        4%          1    None
b - Conjure Flame         Conj/Fire      ##......     14%         3    ###....
c - Sticky Flame          Conj/Fire      ##......     43%         4    ####...

Your spell library contained the following spells:

 Spells                   Type           Power        Failure   Level  Hunger
 Throw Flame              Conj/Fire      ##....       7%          2    ##.....
 Inner Flame              Hex/Fire       #.......     22%         3    ###....
 Fireball                 Conj/Fire      ##........   78%         5    ######.


Dungeon Overview and Level Annotations

Branches:
Dungeon (2/15)

Altars:
Xom


Innate Abilities, Weirdness & Mutations

You cannot wear most types of armour.
You are very stealthy in the water. (Stealth+)
You are amphibious.
You can wear up to eight rings at the same time.
You can use your tentacles to constrict eight enemies at once.
Your skin changes colour to match your surroundings (Stealth+).
Your rubbery body absorbs attacks. (AC +1, EV +1)


Message History

Casting: Flame Tongue (safe; 4% risk of failure)
Confirm with . or Enter, or press ? or * to list all spells.
Aiming: Flame Tongue (safe; 4% risk of failure)
Press: ? - help, Shift-Dir - straight line, f/p - gnoll
Aim: a gnoll, wielding a +0 great sword (severely wounded)
You miscast Flame Tongue.
You are very lightly contaminated with residual magic.
Nothing appears to happen.
* * * LOW MAGIC WARNING * * *
The gnoll barely misses you.
Casting: Flame Tongue (safe; 4% risk of failure)
Confirm with . or Enter, or press ? or * to list all spells.
Aiming: Flame Tongue (safe; 4% risk of failure)
Press: ? - help, Shift-Dir - straight line, f/p - gnoll
Aim: a gnoll, wielding a +0 great sword (severely wounded)
The flame tongue hits the gnoll.
The gnoll is almost dead.
* * * LOW MAGIC WARNING * * *
The gnoll hits you with a +0 great sword!
You die...

·······▒▒▒▒·▒ ▒÷▒·▒▒··▒
·▒▒▒▒··▒▒▒▒·▒▒▒▒▒▒▒▒·▒·▒▒▒·▒
··▒▒▒····▒▒··········▒·▒▒▒·▒
▒·······▒)··▒▒▒▒▒▒▒▒·▒···▒·▒
·······▒▒▒············▒▒·▒·▒
········▒·············▒▒·▒·▒
··········▒·▒▒▒▒▒·▒········▒
············▒ ▒▒▒·····▒▒·▒▒▒
········▒···▒▒▒g@········▒
·······▒▒·······▒▒····▒··▒
···········▒▒▒▒·····▒·▒··▒
·▒···▒▒▒···▒▒▒▒·▒▒▒▒▒·▒··▒
··>·▒▒ ▒········▒ ▒)▒··▒
▒▒▒▒▒ ▒··▒▒▒▒▒▒▒
▒·▒··▒▒▒▒▒▒▒▒
▒··▒▒▒▒▒▒▒▒▒▒▒·▒··········
▒··············▒▒·▒▒▒▒▒▒▒▒
▒▒▒▒▒▒▒▒▒▒▒▒···÷··▒


You could see a gnoll.

Vanquished Creatures
  2 adders (D:2)
  A gnoll (D:2)
  A worm (D:2)
  A dart slug (D:2)
  2 leopard geckos (D:1)
  A ball python (D:2)
  3 giant cockroaches (D:1)
  6 hobgoblins
  2 jackals (D:1)
  4 kobolds
  10 bats
  3 rats (D:1)
36 creatures vanquished.

Notes
Turn   | Place    | Note
-------+----------+-------------------------------------------
     0 | D:1      | Azzok the Octopode Fire Elementalist began the quest for
                  | the Orb.
     0 | D:1      | Reached XP level 1. HP: 11/11 MP: 3/3
   217 | D:1      | Reached XP level 2. HP: 14/17 MP: 5/5
   986 | D:1      | Reached XP level 3. HP: 14/21 MP: 6/6
   991 | D:1      | Learned a level 3 spell: Conjure Flame
  1550 | D:2      | Found a shimmering altar of Xom.
  1695 | D:2      | Reached XP level 4. HP: 27/27 MP: 1/8
  1774 | D:2      | Learned a level 4 spell: Sticky Flame
  1829 | D:1      | Slain by a gnoll

Levels and vault maps discovered:
D:1:      erik_arrival_triangle_small, layout_loops_ring
D:2:      layout_rooms, lemuel_round_altar, lemuel_crystal_altar,
          minmay_heptomino_d4

Skill      XL: |  1  2  3 |
---------------+----------+-----
Conjurations   | 2 |  2.3
Dodging        | |  2.0
Stealth        | |  2.6
Spellcasting   | |  2.8
Fire Magic     | |  3.8

Action                   |  1- 3 |  4- 6 || total
-------------------------+-------+-------++-------
Melee: Unarmed           |    46 |       ||    46
       Constrict         |    13 |       ||    13
       Tentacles         |     5 |       ||     5
 Cast: Flame Tongue      |    36 |    15 ||    51
 Stab: Sleeping          |     7 |       ||     7
  Eat: Chunk             |     3 |       ||     3
Armor: Skin              |    17 |       ||    17
Dodge: Dodged            |    37 |     6 ||    43

Table legend:
 A = Non-vault XP
 B = Vault XP
 C = Vault XP percentage of total XP
 D = Non-vault monster count
 E = Vault monster count
 F = Vault count percentage of total count
                 A         B        C        D         E       F
            +---------+---------+-------+---------+---------+-------
      Total |     105 |       0 |   0.0 |      36 |       0 |   0.0
            +---------+---------+-------+---------+---------+-------
        D:1 |      44 |       0 |   0.0 |      25 |       0 |   0.0
        D:2 |      61 |       0 |   0.0 |      11 |       0 |   0.0
            +---------+---------+-------+---------+---------+-------
